 Dungeon Crawl Stone Soup version 0.20-a0-32-gb8e7c72 (console) character file.

121 utis the Cudgeler (level 5, 0/41 HPs)
             Began as a Formicid Abyssal Knight on Nov 8, 2016.
             Was a Believer of Lugonu.
             Slain by an orc priest
             ... wielding a +0 trident
              (5 damage)
             ... on level 3 of the Dungeon.
             The game lasted 00:08:33 (2606 turns).

utis the Cudgeler (Formicid Abyssal Knight)         Turns: 2606, Time: 00:08:34

Health: 0/41       AC:  8    Str: 17    XL:     5   Next: 26%
Magic:  6/6        EV:  9    Int: 12    God:    Lugonu [**....]
Gold:   173        SH:  3    Dex: 10    Spells: 0 memorised, 4 levels left

rFire  . . .     SeeInvis +     a - +1 mace
rCold  . . .     Gourm    .     m - +0 ring mail
rNeg   . . .     Faith    .     f - +0 buckler {AC+3}
rPois  .         Spirit   .     (helmet unavailable)
rElec  .         Reflect  .     (no cloak)
rCorr  .         Harm     .     (no gloves)
MR     .....                    (no boots)
Stlth  ..........               (no amulet)
                                (no ring)
                                (no ring)

@: no status effects
A: permanent stasis, dig shafts and tunnels, four strong arms, antennae 3
a: Dig, Shaft Self, Depart the Abyss, Bend Space, Renounce Religion


You were on level 3 of the Dungeon.
You worshipped Lugonu.
Lugonu was pleased with you.
You were not hungry.

You visited 1 branch of the dungeon, and saw 3 of its levels.
You visited the Abyss 1 time.

You collected 173 gold pieces.

Inventory:

Hand Weapons
 a - a +1 mace (weapon)
Missiles
 e - 68 stones (quivered)
 g - 20 bolts
 o - 19 arrows
Armour
 b - a +0 leather armour
 f - a +0 buckler of protection (worn)
 m - a +0 ring mail (worn)
Jewellery
 x - a +3 ring of protection {unknown}
Scrolls
 h - 2 scrolls of enchant weapon {unknown}
 k - a scroll of immolation {unknown}
 n - 2 scrolls of teleportation {unknown}
 q - a scroll of noise {unknown}
 t - 2 scrolls of magic mapping {unknown}
 u - a scroll of identify {@r1}
 w - a scroll of recharging {unknown}
Potions
 d - a potion of mutation {unknown}
 i - a potion of magic
 j - 2 potions of curing {unknown}
 l - a potion of beneficial mutation {unknown}
 p - a potion of invisibility {unknown}
 r - a potion of lignification {unknown}
 v - a potion of brilliance {unknown}
Comestibles
 c - a bread ration {@e1}
 s - a meat ration {@e1}
 z - 2 chunks of flesh


   Skills:
 - Level 3.2 Fighting
 + Level 5.0 Maces & Flails
 - Level 2.1 Armour
 - Level 0.8 Dodging
 - Level 2.1 Invocations


You had 4 spell levels left.
You didn't know any spells.

Dungeon Overview and Level Annotations

Branches:
Dungeon (3/15)

Altars:
Ashenzari


Innate Abilities, Weirdness & Mutations

You are under a permanent stasis effect.
You can dig through walls and to a lower floor.
Your four strong arms can wield two-handed weapons with a shield.
You have a pair of large antennae on your head. (SInv)


Message History

Beogh smites you!
* * * LOW HITPOINT WARNING * * *
You are too injured to fight recklessly!
You are too injured to fight recklessly!
You barely miss the orc priest.
The orc priest is almost dead.
The orc priest barely misses you.
You closely miss the orc priest.
The orc priest is almost dead.
The orc priest hits you but does no damage.
You closely miss the orc priest.
The orc priest is almost dead.
The orc priest looks encouraged for a moment.
You hit the orc priest but do no damage.
The orc priest is almost dead.
The orc priest mumbles some strange prayers to Beogh against you.
Beogh smites you!
* * * LOW HITPOINT WARNING * * *
The orc priest hits you with a trident.
You die...

░░.....)......o░
░░░░░░░░░░..o.░
░....░ ░....░ .
░░░....░ .░
░░÷░....░ ░.
░.░.....░ ░░░.
░░░░.░░░░ ░..
░░.░a░░ ░.░
░░o░.░░ ░<░
░░░░.░░░░░░░░░.░
░░.........░░
░░░░░░░░░░░


You could see an orc priest.

Vanquished Creatures
  An iguana (D:3)
  4 adders
  2 oozes
  A worm (D:2)
  A leopard gecko (D:1)
  An orc (D:3)
  A bat (D:2)
  A giant cockroach (D:1)
  6 goblins
  5 hobgoblins
  3 jackals (D:1)
  8 kobolds
  A quokka (D:2)
  3 frilled lizards
  8 rats
46 creatures vanquished.

Notes
Turn   | Place    | Note
-------+----------+-------------------------------------------
     0 | Abyss:1  | utis the Formicid Abyssal Knight began the quest for the Orb.
     0 | Abyss:1  | Reached XP level 1. HP: 18/18 MP: 2/2
    11 | D:1      | Escaped the Abyss
    77 | D:1      | Reached XP level 2. HP: 21/24 MP: 3/3
   327 | D:1      | Reached skill level 3 in Maces & Flails
   527 | D:1      | Reached XP level 3. HP: 29/29 MP: 4/4
   578 | D:1      | Found a shattered altar of Ashenzari.
  1552 | D:1      | Reached skill level 4 in Maces & Flails
  1552 | D:1      | Reached XP level 4. HP: 30/35 MP: 5/5
  1634 | D:2      | Reached ** piety under Lugonu
  2454 | D:3      | Reached skill level 5 in Maces & Flails
  2454 | D:3      | Reached XP level 5. HP: 26/41 MP: 6/6
  2606 | D:3      | Slain by an orc priest

Vault maps used:
D:1:      dpeg_arrival_round_c, ashenzari_altar_1
D:3:      serial_corexii_hall, corexii_hall_statues_i, corexii_hall_statues_i,
          corexii_hall_statues_deadend

Skill      XL: |  1  2  3  4 |
---------------+-------------+-----
Maces & Flails | 3 4 5 |  5.0
Fighting       | |  3.2
Armour         | |  2.1
Dodging        | |  0.8
Invocations    | |  2.1

Action                   |  1- 3 |  4- 6 || total
-------------------------+-------+-------++-------
Melee: Mace              |    80 |   111 ||   191
Throw: Stone             |     7 |     2 ||     9
 Abil: Dig               |     3 |     2 ||     5
  Use: Scroll            |     1 |       ||     1
  Eat: Chunk             |     2 |     5 ||     7
Armor: Leather armour    |     7 |       ||     7
       Ring mail         |    26 |    48 ||    74
Dodge: Dodged            |    37 |    50 ||    87
Block: Buckler           |     5 |    14 ||    19
